 Dungeon Crawl Stone Soup version 0.28.0-53-g5a82cb258f (webtiles) character file.

Game seed: 13646700585971642928

88 fuccboisucc420 the Chopper (level 4, -1/33 HPs)
             Began as a Demonspawn Gladiator on July 22, 2022.
             Slain by a quokka (2 damage)
             ... on level 3 of the Dungeon.
             The game lasted 00:06:00 (2887 turns).

fuccboisucc420 the Chopper (Demonspawn Gladiator)   Turns: 2887, Time: 00:06:00

Health: -1/33      AC:  3    Str: 16    XL:     4   Next: 29%
Magic:  4/4        EV: 12    Int: 10    God:
Gold:   32         SH:  0    Dex: 14    Spells: 3/3 levels left

rFire   . . .      SeeInvis .   a - +0 war axe
rCold   . . .      Faith    .   (no shield)
rNeg    . . .      Spirit   .   b - +0 leather armour
rPois   .          Reflect  .   (helmet restricted)
rElec   .          Harm     .   (no cloak)
rCorr   .          Rampage  .   (no gloves)
Will    .....                   (no boots)
Stlth   +.........              (no amulet)
HPRegen 0.11/turn               (no ring)
MPRegen 0.18/turn               (no ring)

@: about to teleport
A: horns 1, magic regeneration, demonic magic 1
a: no special abilities


You were on level 3 of the Dungeon.
You visited 1 branch of the dungeon, and saw 3 of its levels.

You collected 32 gold pieces.

Inventory:

Hand Weapons
 a - a +0 war axe (weapon)
Missiles
 d - 3 throwing nets
 e - 10 poisoned darts (quivered)
 f - 34 stones
Armour
 b - a +0 leather armour (worn)
 c - a +0 helmet
Magical Staves
 g - a staff of death
 j - a staff of poison
Jewellery
 k - a ring of willpower
Scrolls
 h - a scroll of teleportation
 i - a scroll of identify
Potions
 m - a potion of heal wounds {unknown}


   Skills:
 - Level 2.0 Fighting
 + Level 3.3 Axes
 + Level 1.7 Throwing
 * Level 2.0 Armour
 + Level 3.2 Dodging
 + Level 1.0 Stealth


You had 3 spell levels left.
You didn't know any spells.
Your spell library was empty.

Dungeon Overview and Level Annotations

Branches:
Dungeon (3/15)

Altars:
Cheibriados


Innate Abilities, Weirdness & Mutations

You have a pair of small horns on your head.
You regenerate magic rapidly.
Spells you cast may paralyse adjacent enemies.


Message History

You hit the kobold.
You kill the kobold!
e - 10 poisoned darts (gained 6);
f - 34 stones (gained 2)
Items here: )) ††.
Found a lumpy dark potion.
m - a lumpy dark potion 2 gnolls come into view.
A gnoll is wielding a +2 whip of freezing.
The gnoll shouts! x2; You hear a shout! x2 2 gnolls, a quokka and a hobgoblin come into view.
The gnoll shouts! x2; The hobgoblin shouts!
Found a stone staircase leading up.
The quokka twitches its whiskers.
A giant cockroach comes into view.
You slash the hobgoblin!
You kill the hobgoblin!
You hit the gnoll but do no damage. You headbutt the gnoll.
The gnoll is moderately wounded.
You hit the gnoll. You headbutt the gnoll.
The gnoll is moderately wounded.
A bat comes into view.
The bat moves out of view.
You barely miss the gnoll. Your headbutt misses the gnoll.
The gnoll is moderately wounded.
You hit the gnoll but do no damage. The gnoll hits you with a +0 club!
The gnoll closely misses you.
You hit the gnoll.
The gnoll is heavily wounded.
You hit the gnoll. The gnoll hits you with a +0 flail!
The gnoll barely misses you. The gnoll misses you.
The gnoll hits you with a +0 club!
* * * LOW HITPOINT WARNING * * *
As you read the scroll of fog, it crumbles to dust.
The scroll dissolves into smoke.
The gnoll hits you with a +0 club.
* * * LOW HITPOINT WARNING * * *
As you read the scroll of teleportation, it crumbles to dust.
You feel strangely unstable. The gnoll hits you but does no damage.
The quokka closely misses you. The gnoll misses you. The quokka bites you.
You die...

# .# ##. ### ##. ... ##..
... ####.## #... ..#
#g#B..# #..# #.# #@rg§.#
#..# #.# ###g#g...# #..#
#.# ##^§§##...#
##..####.####....##.b..#
.#..#..)...##.....# .....
....#.##........#..#.<.⌠.
......####........## ....
##..### #........# ..#.
#..# #.......##


You could see 4 gnolls, a quokka and a giant cockroach.

Vanquished Creatures
  2 adders (D:2)
  8 endoplasms
  3 giant cockroaches
  3 goblins
  4 hobgoblins
  10 jackals
  7 kobolds
  A quokka (D:1)
  5 ball pythons
  9 bats
  3 frilled lizards (D:2)
  10 rats
65 creatures vanquished.

Notes
Turn   | Place    | Note
-------+----------+-------------------------------------------
     0 | D:1      | fuccboisucc420 the Demonspawn Gladiator began the quest for
                  | the Orb.
     0 | D:1      | Reached XP level 1. HP: 16/16 MP: 1/1
   236 | D:1      | Discovered your monstrous ancestry.
   236 | D:1      | Gained mutation: You have a pair of small horns on your
                  | head. [demonic ancestry]
   236 | D:1      | Reached XP level 2. HP: 19/22 MP: 2/2
   525 | D:1      | Reached skill level 1 in Armour
   891 | D:1      | Gained mutation: Spells you cast may paralyse adjacent
                  | enemies. [demonic ancestry]
   891 | D:1      | Reached XP level 3. HP: 23/27 MP: 3/3
  1407 | D:3      | Found a faded altar of an unknown god.
  1501 | D:2      | Reached skill level 1 in Stealth
  2126 | D:2      | Gained mutation: You regenerate magic rapidly. [demonic
                  | ancestry]
  2126 | D:2      | Reached XP level 4. HP: 17/33 MP: 4/4
  2839 | D:3      | Found a snail-covered altar of Cheibriados.
  2885 | D:3      | HP: 1/33 [gnoll/+0 club (5)]
  2887 | D:3      | Slain by a quokka

Illustrated notes

Levels and vault maps discovered:
D:1:      nicolae_arrival_memento_mori, layout_loops_ring
D:2:      layout_basic, small_statue_intersection, minmay_surrounded
D:3:      layout_loops_ring, cheibriados_altar_1, nicolae_ecumenical_oubliette,
          grunt_ministairs_13, uniq_natasha, uniq_crazy_yiuf_cottage, uniq_robin

Skill      XL: |  1  2  3  4 |
---------------+-------------+-----
Dodging        | 3 |  3.2
Armour         | 1 2 |  2.0
Axes           | 3 |  3.3
Stealth        | 1 |  1.0
Fighting       | |  2.0
Throwing       | |  1.7

Action                   |  1- 3 |  4- 6 || total
-------------------------+-------+-------++-------
Melee: War axe           |   124 |    29 ||   153
       Headbutt          |     9 |     4 ||    13
  Use: Scroll            |       |     4 ||     4
 Stab: Sleeping          |     2 |     1 ||     3
       Distracted        |     1 |       ||     1
Armor: Leather armour    |    34 |     5 ||    39
Dodge: Dodged            |    95 |    17 ||   112
